 Dungeon Crawl Stone Soup version 0.29-a0-993-g4a18f31a58 (webtiles) character file.

Game seed: 12417288212307514198

44 ketsa the Cleaver (level 3, 0/28 HPs)
             Began as a Gnoll Wanderer on Aug 3, 2022.
             Succumbed to an adder's poison
             ... on level 2 of the Dungeon.
             The game lasted 00:05:21 (1646 turns).

ketsa the Cleaver (Gnoll Wanderer)                  Turns: 1646, Time: 00:05:22

Health: 0/28       AC:  4    Str: 13    XL:     3   Next: 62%
Magic:  7/7        EV: 11    Int: 13    God:
Gold:   77         SH:  4    Dex:  9    Spells: 6/7 levels left

rFire   . . .      SeeInvis .   a - +0 war axe
rCold   . . .      Faith    .   b - +0 buckler
rNeg    . . .      Spirit   .   d - +0 robe
rPois   .          Reflect  .   s - +0 helmet
rElec   .          Harm     .   (no cloak)
rCorr   .          Rampage  .   (no gloves)
Will    .....                   q - +0 pair of boots
Stlth   ++........              j - amulet of the acrobat
HPRegen 0.09/turn               (no ring)
MPRegen 0.10/turn               (no ring)

@: lethally poisoned (0 -> -9)
A: fangs 1, strong nose, distributed training
a: no special abilities


You were on level 2 of the Dungeon.
You visited 1 branch of the dungeon, and saw 2 of its levels.

You collected 77 gold pieces.

Inventory:

Hand Weapons
 a - a +0 war axe (weapon)
 l - a +0 sling
Missiles
 g - 2 poisoned darts (quivered)
 h - 5 atropa-tipped darts
 p - 11 stones
Armour
 b - a +0 buckler (worn)
 d - a +0 robe (worn)
 q - a +0 pair of boots (worn)
 s - a +0 helmet (worn)
Jewellery
 j - an amulet of the acrobat (around neck)
Scrolls
 c - a scroll of teleportation
 e - a scroll of fear {unknown}
 i - a scroll of enchant weapon {unknown}
 m - a scroll of identify
 o - a scroll of brand weapon {unknown}
 r - a scroll of acquirement {unknown}
Potions
 f - 2 potions of magic
 k - a potion of heal wounds {unknown}
 n - 3 potions of mutation {unknown}


   Skills:
 + Level 2.6 Fighting
 + Level 0.9 Short Blades
 + Level 0.9 Long Blades
 + Level 8.5 Axes
 + Level 0.9 Maces & Flails
 + Level 0.9 Polearms
 + Level 0.9 Staves
 + Level 0.9 Ranged Weapons
 + Level 0.9 Throwing
 + Level 0.9 Armour
 + Level 0.9 Dodging
 + Level 2.4 Stealth
 + Level 4.5 Shields
 + Level 0.9 Unarmed Combat
 + Level 2.8 Spellcasting
 + Level 0.6 Conjurations
 + Level 0.6 Hexes
 + Level 0.6 Summonings
 + Level 0.6 Necromancy
 + Level 0.6 Translocations
 + Level 0.6 Transmutations
 + Level 0.6 Fire Magic
 + Level 0.6 Ice Magic
 + Level 0.6 Air Magic
 + Level 0.6 Earth Magic
 + Level 2.1 Poison Magic
 + Level 1.0 Invocations
 + Level 0.9 Evocations


You had 6 spell levels left.
You knew the following spells:

 Your Spells              Type           Power      Damage    Failure   Level
a - Sting                 Tmut/Pois      20%        1d4       17%         1

Your spell library contained the following spells:

 Spells                   Type           Power      Damage    Failure   Level
 Mephitic Cloud           Conj/Pois/Air  4%         N/A       50%         3


Dungeon Overview and Level Annotations

Branches:
Dungeon (2/15)

Altars:

Annotations:
D:2 exclusion: adder


Innate Abilities, Weirdness & Mutations

You have very sharp teeth.
Your uncanny sense of smell can sniff out nearby items.
Your experience applies equally to all skills.


Message History

The adder is heavily wounded.
The adder bites you. The adder misses you.
You miss the adder.
The adder is heavily wounded.
The adder bites you.
You hit the adder but do no damage.
The adder is heavily wounded.
The adder bites you but does no damage.
You barely miss the adder.
The adder is heavily wounded.
The adder misses you. The adder bites you.
You are poisoned.
The adder poisons you!
You barely miss the adder.
The adder is heavily wounded.
You feel sick. The adder bites you.
You are more poisoned.
The adder poisons you! The adder bites you.
You completely miss the adder.
The adder is heavily wounded.
You feel sick.
The frilled lizard unfolds its giant frill.
The adder bites you but does no damage.
You closely miss the adder. Your bite misses the adder.
The adder is moderately wounded.
You feel sick. The adder closely misses you.
You closely miss the adder.
The adder is moderately wounded.
You feel sick. The adder barely misses you. The adder bites you.
* * * LOW HITPOINT WARNING * * *
You are lethally poisoned!
The adder poisons you!
You closely miss the adder.
The adder is moderately wounded.
* * * LOW HITPOINT WARNING * * *
You feel sick. The adder bites you.
* * * LOW HITPOINT WARNING * * *
You closely miss the adder.
The adder is moderately wounded.
You die...

#.#..........#########
#.#..........##....†.#
#.#.#####.#####.####.#
#..##..[##.# #.# #.#
#..#[(.gr#.####.# #.#
#..#..hrl#.†....# #.#
...#..Shh#.###..# #.#
##..##JgoS###†##.# #.#
#.#. ##@')..#.# #.#
#.#. ##+###.##.# #.#
#....##..#####..# #.#
#....#)...#####.#
#....'..........#
##..##..#########
#..####...# #........#
###.....##


You could see a gnoll, 2 adders, an orc, an endoplasm, a quokka, 3 jackals, a
goblin, a frilled lizard and a rat.

Vanquished Creatures
  An adder (D:2)
  2 dart slugs (D:1)
  A ball python (D:2)
  3 bats
  4 endoplasms
  A giant cockroach (D:2)
  2 goblins (D:1)
  2 hobgoblins (D:2)
  3 quokkas
  A frilled lizard (D:2)
  2 kobolds
  7 rats
29 creatures vanquished.

Notes
Turn   | Place    | Note
-------+----------+-------------------------------------------
     0 | D:1      | ketsa the Gnoll Wanderer began the quest for the Orb.
     0 | D:1      | ketsa set off with the following items: a +0 war axe, a +0
                  | buckler, a scroll of teleportation, a +0 robe; and the
                  | following spell memorised: Sting; and the following spells
                  | available to memorise: Mephitic Cloud.
     0 | D:1      | Reached XP level 1. HP: 17/17 MP: 4/4
   266 | D:1      | Reached XP level 2. HP: 23/23 MP: 5/5
  1152 | D:2      | Reached XP level 3. HP: 14/28 MP: 7/7
  1330 | D:2      | Found a faded altar of an unknown god.
  1519 | D:2      | Reached skill level 1 in Invocations
  1645 | D:2      | HP: 1/28 [adder (2)]
  1646 | D:2      | Succumbed to an adder's poison

Illustrated notes

Levels and vault maps discovered:
D:1:      minmay_arrival_floating_metal, layout_rooms, serial_glass,
          glass_columns_b, glass_columns_a, glass_columns_a, glass_columns_a,
          glass_columns_a, glass_columns_a, glass_columns_a, glass_columns_b,
          glass_columns_a, glass_columns_a, glass_columns_b, glass_columns_c,
          glass_columns_b, glass_columns_b
D:2:      layout_basic, shapermc_ecumenical_altar_totnotflames,
          minmay_joined_circles

Skill      XL: |  1  2  3 |
---------------+----------+-----
Poison Magic   | 2 |  2.1
Invocations    | 1 |  1.0
Fighting       | |  2.6
Short Blades   | |  0.9
Long Blades    | |  0.9
Axes           | |  8.5
Maces & Flails | |  0.9
Polearms       | |  0.9
Staves         | |  0.9
Ranged Weapons | |  0.9
Throwing       | |  0.9
Armour         | |  0.9
Dodging        | |  0.9
Stealth        | |  2.4
Shields        | |  4.5
Unarmed Combat | |  0.9
Spellcasting   | |  2.8
Conjurations   | |  0.6
Hexes          | |  0.6
Summonings     | |  0.6
Necromancy     | |  0.6
Translocations | |  0.6
Transmutations | |  0.6
Fire Magic     | |  0.6
Ice Magic      | |  0.6
Air Magic      | |  0.6
Earth Magic    | |  0.6
Evocations     | |  0.9

Action                   || total
-------------------------++-------
Melee: War axe           ||    91
       Bite              ||     7
Throw: Dart              ||     1
  Use: Scroll            ||     1
 Stab: Sleeping          ||     5
Armor: Robe              ||    10
Dodge: Dodged            ||    53
Block: Buckler           ||    15

Table legend: (Time is in decaauts)
 A = Elapsed time spent in this place.
 B = Non-inter-level travel time spent in this place.
 C = Inter-level travel time spent in this place.
 D = Time resting spent in this place.
 E = Time spent auto-exploring this place.
 F = Levels seen in this place.
 G = Mean time per level.
                   A        B        C        D        E       F      G
               +--------+--------+--------+--------+--------+-----+--------+
         Total |   1678 |   1633 |     45 |    478 |    752 |   2 |  839.0 |
       Dungeon |   1678 |   1633 |     45 |    478 |    752 |   2 |  839.0 |
               +--------+--------+--------+--------+--------+-----+--------+

Top non-repeatable levels by time:
     D:1: 1102 daAuts
     D:2: 576 daAuts
